[Event "Titled Tuesday Blitz September 21 2021"]
[White "Sarana, Alexey"]
[Black "Gabrielian, Artur"]
[WhiteFideId "24133795"]
[BlackFideId "4131002"]
[WhiteElo "2671"]
[BlackElo "2489"]
[Result "1-0"]
[Round "08"]
[TimeControl "180+1"]
[Date "2021.09.21"]
[WhiteClock "0:00:04"]
[BlackClock "0:00:01"]

1. d4 Nf6 2. c4 c5 3. dxc5 e6 4. Nf3 Bxc5 5. e3 d5 6. Be2 O-O 7. O-O Nc6 8. cxd5 Nxd5 9. Nbd2 Qe7 10. Ne4 Bb6 11. Bd2 Bd7 12. Rc1 Rfd8 13. Nc3 Nf6 14. Qc2 Rac8 15. Rfd1 h6 16. Qb1 a6 17. Be1 Be8 18. Nd2 Ne5 19. Nf3 Ng6 20. Rxd8 Rxd8 21. Rd1 Bc6 22. Rxd8+ Qxd8 23. Nd2 Ne5 24. Qc2 Bc7 25. Nf1 Qd6 26. f3 h5 27. Bf2 Ng6 28. Qd3 Qe7 29. Qd4 e5 30. Qc4 Qd6 31. Qd3 Qb4 32. Qc2 h4 33. h3 Bb6 34. Nd2 Ne7 35. Nc4 Bc7 36. a3 Ba4 37. Qxa4 Qxa4 38. Nxa4 b5 39. Nxe5 Bxe5 40. Nc5 Bxb2 41. Nxa6 Bxa3 42. Bxb5 Nf5 43. Bd3 Ne7 44. Bxh4 Ned5 45. Bf2 Bd6 46. Bc4 Nc3 47. e4 Nd7 48. Kf1 Ne5 49. Be2 Nb1 50. Nc5 g5 51. Nd3 Ng6 52. Be1 Na3 53. Nf2 Nc2 54. Bd2 Bf4 55. Bc3 Ne3+ 56. Kg1 Ne5 57. Ng4 N5xg4 58. hxg4 Nc2 59. Bd3 Be3+ 60. Kf1 Nd4 61. Bb2 f6 62. Bc4+ Kg7 63. Bc3 Kg6 64. Bd3 Kg7 65. Be2 Kg6 66. Bd1 Kg7 67. g3 Nb5 68. Bb4 Nd4 69. Kg2 Kg6 70. Bc3 Kg7 71. Bb4 Kg6 72. Bd6 Kg7 73. f4 Nb5 74. Bb8 Nc3 75. Bf3 Nb5 76. e5 Nd4 77. exf6+ Kxf6 78. Be4 Kf7 79. Be5 Ke6 80. Bb8 Kf7 81. Bc7 Ke6 82. Be5 Kf7 83. Bd5+ Kg6 84. f5+ Kh6 85. f6 Nb5 86. f7 Bc5 87. Bc4 Na7 88. Bd3 Bf8 89. Be4 Nc8 90. Bf5 Ne7 91. Be6 Ng6 92. Bf6 Bg7 93. Bd8 Bf8 94. Kf3 Kg7 95. Ke4 Ne7 96. Bc7 Kf6 97. Ba2 Bg7 98. Be5+ Kg6 99. Bd6 Bf8 100. Bc5 Kf6 101. Bb4 Kg6 102. Ba3 Kf6 103. Bb2+ Kg6 104. Ke3 Kh7 105. Kf3 Kg6 106. Ke4 Kh6 107. Bf6 Kg6 108. Ke5 Nc6+ 109. Ke6 Nb4 110. Bb1+ Kh6 111. Be7 Kg7 112. Bf6+ Kh6 113. Be4 Na6 114. Bf5 Nc5+ 115. Kd5 Nb7 116. Bb1 1-0


[Site "https://www.chess.com"]

[Event "Titled Tuesday Blitz September 21 2021"]
[White "Savchenko, Boris"]
[Black "Tsaruk, Maksim"]
[WhiteFideId "4147332"]
[BlackFideId "13511173"]
[WhiteElo "2543"]
[BlackElo "2195"]
[Result "1/2-1/2"]
[Round "08"]
[TimeControl "180+1"]
[Date "2021.09.21"]
[WhiteClock "0:00:22"]
[BlackClock "0:00:15"]

1. e4 c5 2. Nc3 d6 3. Nf3 Nf6 4. d4 cxd4 5. Nxd4 a6 6. h3 e5 7. Nde2 Nc6 8. g4 h6 9. Bg2 Be7 10. O-O Nd7 11. a4 Nc5 12. Ng3 g6 13. a5 Be6 14. Nd5 Bxd5 15. exd5 Nb8 16. b4 Ncd7 17. c4 Bg5 18. Bb2 O-O 19. Ne4 Be7 20. f4 Nf6 21. Nxd6 Qxd6 22. fxe5 Qxb4 23. exf6 Bc5+ 24. Bd4 Qxc4 25. Bxc5 Qxc5+ 26. Kh1 Qd6 27. Qd2 Kh7 28. Rab1 Nd7 29. Rxb7 Rab8 30. Rxb8 Rxb8 31. Qc3 Qb4 32. Qxb4 Rxb4 33. Rc1 Nxf6 34. Rc6 Nd7 35. Rxa6 Nc5 36. Ra7 Kg7 37. Rc7 Na6 38. Rc6 Nb8 39. a6 Ra4 40. Rb6 Nxa6 41. d6 Nc5 42. Bc6 Ra1+ 43. Kg2 Rd1 44. Be8 Ne4 45. d7 Nf6 46. Rb7 Kf8 47. Rb8 Ke7 48. d8=Q+ Rxd8 49. Rxd8 Kxd8 50. Bxf7 g5 51. Bg6 Ke7 52. Bf5 Kd6 53. Kg3 Ke5 54. h4 Ne4+ 55. Kh3 Nd6 56. hxg5 hxg5 57. Bg6 Kf4 58. Bh5 Nc4 59. Kg2 Ne5 60. Kh3 Nf3 61. Kg2 Nd4 62. Kh3 Nc2 63. Kg2 Ne3+ 64. Kh3 Kf3 65. Bg6 Nd1 66. Bf5 Nf2+ 67. Kh2 Kf4 68. Kg1 Nxg4 69. Bxg4 Kxg4 70. Kg2 Kf4 71. Kf2 Kg4 72. Kg2 Kf4 73. Kf2 g4 74. Kg2 g3 75. Kg1 Kf3 76. Kf1 Kg4 77. Kg1 Kh4 78. Kg2 Kg4 79. Kg1 Kh3 80. Kh1 g2+ 81. Kg1 Kg3 1/2-1/2


[Site "https://www.chess.com"]

[Event "Titled Tuesday Blitz September 21 2021"]
[White "Schrik, Rachid"]
[Black "Janaszak, Dawid"]
[WhiteFideId "1009818"]
[BlackFideId "1119206"]
[WhiteElo "2070"]
[BlackElo "2283"]
[Result "1/2-1/2"]
[Round "08"]
[TimeControl "180+1"]
[Date "2021.09.21"]
[WhiteClock "0:00:12"]
[BlackClock "0:00:09"]

1. d4 Nf6 2. c4 c5 3. d5 b5 4. cxb5 a6 5. f3 d6 6. e4 axb5 7. Bxb5+ Bd7 8. Nc3 g6 9. Nge2 Bg7 10. O-O O-O 11. Be3 Bxb5 12. Nxb5 Qb6 13. Nec3 Na6 14. Qd2 Rfb8 15. Bh6 Bh8 16. Kh1 Nd7 17. f4 Nc7 18. Nxc7 Qxc7 19. e5 dxe5 20. f5 Nf6 21. fxg6 hxg6 22. Qf2 Rb4 23. Rae1 Rab8 24. b3 Rd4 25. Ne4 Qd8 26. d6 Rxd6 27. Nxd6 Qxd6 28. Rd1 Qe6 29. Qxc5 Ng4 30. Be3 Rc8 31. Qb6 Nxe3 32. Qxe3 f5 33. g4 e4 34. gxf5 gxf5 35. Rg1+ Bg7 36. Rg5 Rf8 37. Rdg1 Rf7 38. Qg3 Qf6 39. Rg6 Qb2 40. Qb8+ Kh7 41. Qg3 f4 42. Qh3+ Kg8 43. Qe6 f3 44. Rxg7+ Qxg7 45. Rxg7+ Kxg7 46. Qxe4 f2 47. Qg4+ Kf8 48. Qc8+ Kg7 49. Qg4+ Kf8 50. Qc8+ Kg7 51. Qg4+ 1/2-1/2


[Site "https://www.chess.com"]

[Event "Titled Tuesday Blitz September 21 2021"]
[White "Sharma, Dinesh K."]
[Black "Sviridova, Vlada"]
[WhiteFideId "5004110"]
[BlackFideId "24109606"]
[WhiteElo "2392"]
[BlackElo "2101"]
[Result "1-0"]
[Round "08"]
[TimeControl "180+1"]
[Date "2021.09.21"]
[WhiteClock "0:01:40"]
[BlackClock "0:00:45"]

1. d4 d5 2. Nf3 Nf6 3. c4 c6 4. e3 Bf5 5. Nc3 e6 6. Nh4 Be4 7. f3 Bg6 8. Qb3 Qc7 9. Bd2 Be7 10. g3 O-O 11. Rc1 dxc4 12. Bxc4 Nbd7 13. O-O Nb6 14. Be2 a5 15. e4 a4 16. Qd1 Nfd7 17. Nxg6 hxg6 18. Be3 Bb4 19. Qd3 a3 20. b3 Rad8 21. Rfd1 Nf6 22. Qc2 Nh5 23. Kg2 Qe7 24. d5 Bc5 25. Bxc5 Qxc5 26. dxe6 fxe6 27. Rxd8 Rxd8 28. Nb1 Qxc2 29. Rxc2 Nf6 30. Nxa3 Ra8 31. Nc4 Nxc4 32. Bxc4 Kf7 33. Kf2 Nd7 34. f4 Ke7 35. Ke3 e5 36. Rd2 b5 37. Be2 Nc5 38. fxe5 Ke6 39. Rc2 Na6 40. Rxc6+ Kxe5 41. Bg4 Nc7 42. Rxc7 Rxa2 43. Rc6 1-0


[Site "https://www.chess.com"]

[Event "Titled Tuesday Blitz September 21 2021"]
[White "Shuvalov, Evgenij"]
[Black "Molina, Roberto Junio Brito"]
[WhiteFideId "4187237"]
[BlackFideId "2109450"]
[WhiteElo "2129"]
[BlackElo "2402"]
[Result "1-0"]
[Round "08"]
[TimeControl "180+1"]
[Date "2021.09.21"]
[WhiteClock "0:01:12"]
[BlackClock "0:00:03"]

1. Nf3 d5 2. c4 d4 3. e3 c5 4. exd4 cxd4 5. d3 Nc6 6. Be2 e5 7. O-O Bd6 8. Re1 Nf6 9. Bf1 O-O 10. a3 a5 11. Bg5 Re8 12. Nbd2 h6 13. Bxf6 Qxf6 14. Ne4 Qd8 15. c5 Bf8 16. Qc2 Be6 17. b3 Bd5 18. Rab1 f5 19. Ned2 Qf6 20. b4 axb4 21. axb4 Ra2 22. Qc1 e4 23. dxe4 fxe4 24. Nxe4 Rxe4 25. Rxe4 Bxe4 26. Bc4+ Kh8 27. Bxa2 Bxb1 28. Qxb1 Qf4 29. h3 Ne5 30. Nxe5 Qxe5 31. Qb3 Qe1+ 32. Kh2 Qe5+ 33. g3 Kh7 34. Qg8+ Kg6 35. Bb1+ Qf5 36. Bxf5+ 1-0


[Site "https://www.chess.com"]

[Event "Titled Tuesday Blitz September 21 2021"]
[White "Stoyanov, Tsvetan"]
[Black "Garcia Garcia, Alejandro"]
[WhiteFideId "2917173"]
[BlackFideId "3516334"]
[WhiteElo "2191"]
[BlackElo "2131"]
[Result "1/2-1/2"]
[Round "08"]
[TimeControl "180+1"]
[Date "2021.09.21"]
[WhiteClock "0:00:18"]
[BlackClock "0:01:34"]

1. e3 Nf6 2. Nf3 g6 3. d4 Bg7 4. Bd3 d6 5. O-O O-O 6. c4 c5 7. Nc3 cxd4 8. exd4 Nc6 9. h3 e5 10. d5 Ne7 11. Re1 Nh5 12. c5 dxc5 13. Nxe5 Nxd5 14. Nxd5 Qxd5 15. Ng4 Bxg4 16. hxg4 Nf6 17. g5 Nd7 18. Be4 Qxd1 19. Rxd1 Rad8 20. Bxb7 Ne5 21. Be3 Nd3 22. Be4 Nxb2 23. Rxd8 Rxd8 24. Bxc5 Na4 25. Rc1 Bb2 26. Rc2 Rd1+ 27. Kh2 Be5+ 28. g3 Nxc5 29. Rxc5 Bd6 30. Ra5 Rd4 31. Bf3 Rd2 32. Kg2 Bc7 33. Rxa7 Rxf2+ 34. Kxf2 Bb6+ 35. Ke2 Bxa7 36. Kd3 Bb6 37. a4 Bd8 38. Kc4 Bxg5 39. a5 Be3 40. a6 h5 41. Kb5 Kg7 42. Kc6 f6 43. Kb7 Kh6 44. a7 Bxa7 45. Kxa7 f5 46. Kb6 h4 47. gxh4 g5 48. hxg5+ Kxg5 49. Kc5 Kf4 50. Bc6 Ke3 51. Bb7 f4 52. Bc6 f3 53. Bxf3 1/2-1/2


[Site "https://www.chess.com"]

[Event "Titled Tuesday Blitz September 21 2021"]
[White "Svane, Rasmus"]
[Black "Gorin, Leonid"]
[WhiteFideId "4657101"]
[BlackFideId "4131991"]
[WhiteElo "2643"]
[BlackElo "2363"]
[Result "1-0"]
[Round "08"]
[TimeControl "180+1"]
[Date "2021.09.21"]
[WhiteClock "0:02:20"]
[BlackClock "0:00:55"]

1. Nf3 Nf6 2. g3 d5 3. Bg2 Bg4 4. O-O Nbd7 5. h3 Bh5 6. d4 e6 7. c4 c6 8. cxd5 exd5 9. Ne5 Be7 10. f4 h6 11. Nc3 Bg6 12. Nxg6 fxg6 13. Qd3 Kf7 14. e4 dxe4 15. Nxe4 Nxe4 16. Bxe4 Nf8 17. Qb3+ 1-0


[Site "https://www.chess.com"]

[Event "Titled Tuesday Blitz September 21 2021"]
[White "Szpar, Milosz"]
[Black "Zubov, Alexander"]
[WhiteFideId "1184989"]
[BlackFideId "14109409"]
[WhiteElo "2282"]
[BlackElo "2740"]
[Result "1/2-1/2"]
[Round "08"]
[TimeControl "180+1"]
[Date "2021.09.21"]
[WhiteClock "0:00:04"]
[BlackClock "0:00:38"]

1. e4 c5 2. Nf3 d6 3. d4 cxd4 4. Qxd4 a6 5. c4 Nc6 6. Qe3 Bg4 7. Be2 g6 8. O-O Bg7 9. Nc3 Bxf3 10. Bxf3 e5 11. Bd1 Nge7 12. Ba4 O-O 13. Bxc6 Nxc6 14. b3 Nd4 15. Qd3 b5 16. cxb5 Rc8 17. Bd2 axb5 18. Nxb5 d5 19. Nxd4 dxe4 20. Qxe4 exd4 21. Qd3 Qd5 22. Rac1 Ra8 23. a4 Rfb8 24. Rc4 h5 25. Rfc1 h4 26. a5 Be5 27. b4 Qd6 28. h3 Kg7 29. Rc6 Qd7 30. b5 Re8 31. b6 Re6 32. Rxe6 Qxe6 33. Rb1 Qa2 34. b7 Rb8 35. a6 Re8 36. Be1 Bf6 37. Kf1 Be5 38. Qb3 Qxa6+ 39. Qb5 Qxb5+ 40. Rxb5 f6 41. Bb4 Rb8 42. Bc5 d3 43. Ba7 Rd8 44. b8=Q Bxb8 45. Rxb8 Rd7 46. Be3 d2 47. Bxd2 Rxd2 48. Rb7+ 1/2-1/2


[Site "https://www.chess.com"]

[Event "Titled Tuesday Blitz September 21 2021"]
[White "Tang, Andrew"]
[Black "Kamsky, Gata"]
[WhiteFideId "2059630"]
[BlackFideId "2000024"]
[WhiteElo "2588"]
[BlackElo "2603"]
[Result "1-0"]
[Round "08"]
[TimeControl "180+1"]
[Date "2021.09.21"]
[WhiteClock "0:02:24"]
[BlackClock "0:00:01"]

1. d4 Nf6 2. c4 g6 3. f3 Bg7 4. e4 d6 5. Nc3 c5 6. d5 e6 7. Nge2 exd5 8. cxd5 a6 9. a4 Nbd7 10. Ng3 Ne5 11. Be2 h5 12. O-O h4 13. Nh1 h3 14. g4 O-O 15. g5 Nh7 16. Nf2 1-0


[Site "https://www.chess.com"]

[Event "Titled Tuesday Blitz September 21 2021"]
[White "Tasev, Dejan"]
[Black "FGHSMN"]
[WhiteFideId "936618"]
[WhiteElo "2253"]
[BlackElo "2743"]
[Result "0-1"]
[Round "08"]
[TimeControl "180+1"]
[Date "2021.09.21"]
[WhiteClock "0:00:09"]
[BlackClock "0:01:59"]

1. e4 c5 2. Nf3 e6 3. c4 a6 4. d4 cxd4 5. Nxd4 Qc7 6. Nc3 Nf6 7. Bd3 b6 8. O-O Bb7 9. Qe2 d6 10. f4 Be7 11. Kh1 Nbd7 12. Be3 O-O 13. Bg1 Rac8 14. Rac1 Rfe8 15. Rf3 Nc5 16. b3 Nxd3 17. Qxd3 d5 18. cxd5 exd5 19. e5 Ne4 20. Nce2 Qd7 21. Rcf1 Bc5 22. f5 Rxe5 23. f6 g6 24. Qe3 Rce8 25. Qf4 Rh5 26. Ng3 Bd6 27. Nxh5 Bxf4 28. Nxf4 Nd2 0-1


[Site "https://www.chess.com"]

[Event "Titled Tuesday Blitz September 21 2021"]
[White "Vogel, Roven"]
[Black "Shipov, Sergei"]
[WhiteFideId "12908088"]
[BlackFideId "4113624"]
[WhiteElo "2516"]
[BlackElo "2821"]
[Result "1/2-1/2"]
[Round "08"]
[TimeControl "180+1"]
[Date "2021.09.21"]
[WhiteClock "0:00:03"]
[BlackClock "0:00:52"]

1. d4 d5 2. c4 dxc4 3. e3 e6 4. Bxc4 c5 5. Nf3 Nf6 6. O-O a6 7. dxc5 Qxd1 8. Rxd1 Bxc5 9. b3 O-O 10. Bb2 Nbd7 11. Nc3 b5 12. Bd3 Bb7 13. Ng5 Be7 14. Nge4 Rfc8 15. Rac1 h6 16. h3 Kf8 17. Kf1 Ke8 18. Bb1 Rc7 19. Nd6+ Bxd6 20. Rxd6 Rac8 21. Ne2 Rxc1+ 22. Nxc1 Be4 23. Bxe4 Nxe4 24. Rxa6 Rc2 25. Nd3 Nxf2 26. Ra8+ Ke7 27. Ba3+ Kf6 28. Nxf2 Ne5 29. Ra7 Kg6 30. Bd6 Nc6 31. Rc7 Rc1+ 32. Ke2 Rc2+ 33. Kd3 Nb4+ 34. Ke4 Rxf2 35. Bxb4 Rxa2 36. g4 Rh2 37. Rb7 Rxh3 38. Rxb5 Rh4 39. Kf3 f5 40. gxf5+ exf5 41. Rb6+ Kh5 42. Rb7 g5 43. Bf8 Rh3+ 44. Kf2 Kg4 45. Rb4+ f4 46. exf4 gxf4 47. Bd6 Rf3+ 48. Ke2 h5 49. Rb8 Re3+ 50. Kf2 Rd3 51. Rg8+ Kf5 52. Rf8+ Ke6 53. Bxf4 Rxb3 54. Be3 Rb5 55. Rh8 Kf7 56. Kf3 Kg6 57. Rg8+ Kh7 58. Rg1 Rb4 59. Bf4 Rc4 60. Rh1 Kg6 61. Rg1+ Kh7 62. Rg5 Rc3+ 63. Ke4 Rc4+ 64. Kf5 Rc5+ 65. Be5 Rc6 66. Rxh5+ Rh6 67. Rg5 Rg6 68. Rh5+ Rh6 69. Rg5 Rg6 70. Rxg6 1/2-1/2


[Site "https://www.chess.com"]

[Event "Titled Tuesday Blitz September 21 2021"]
[White "Wagner, Dennis"]
[Black "Yeletsky, Ivan"]
[WhiteFideId "24650684"]
[BlackFideId "24180327"]
[WhiteElo "2355"]
[BlackElo "2344"]
[Result "1/2-1/2"]
[Round "08"]
[TimeControl "180+1"]
[Date "2021.09.21"]
[WhiteClock "0:00:15"]
[BlackClock "0:00:23"]

1. d4 Nf6 2. Nf3 e6 3. c4 Bb4+ 4. Bd2 Be7 5. Nc3 O-O 6. e4 d5 7. cxd5 exd5 8. e5 Ne4 9. Bd3 Nxd2 10. Qxd2 c5 11. dxc5 Nc6 12. Nxd5 Bxc5 13. O-O Be6 14. Nf4 Bg4 15. Bxh7+ Kxh7 16. Qc2+ Kg8 17. Qxc5 Bxf3 18. gxf3 Qg5+ 19. Ng2 Nxe5 20. Qe3 Qf5 21. f4 Ng6 22. Rfe1 Rad8 23. Rad1 a6 24. a3 Qc2 25. Rxd8 Rxd8 26. Qe2 Qxe2 27. Rxe2 Rd1+ 28. Re1 Rxe1+ 29. Nxe1 Nxf4 30. f3 Kf8 31. Kf2 Ke7 32. Ke3 Nd5+ 33. Kd4 Kd6 34. Nd3 Ne7 35. Ke4 g5 36. Nf2 f5+ 37. Kd4 Nc6+ 38. Ke3 Ke5 39. Nh3 Kf6 40. f4 g4 41. Nf2 Ke6 42. Nh1 Ne7 43. Kf2 Nd5 44. Kg3 Nf6 45. h3 Ne4+ 46. Kh4 gxh3 47. Kxh3 Nc5 48. Ng3 Nd3 49. Ne2 Nxb2 50. Kh4 Nc4 51. Kg5 Nxa3 52. Nd4+ Kd5 53. Nxf5 Nc4 54. Ne7+ Ke6 55. Nc8 a5 56. Kg6 Ne3 57. Nb6 Nf5 58. Nc4 Ne7+ 59. Kg5 a4 60. Na3 Kd5 61. f5 Nxf5 62. Kxf5 Kc5 63. Ke4 Kb4 64. Nc2+ Kc3 65. Na3 Kb3 66. Nb5 a3 67. Kd3 a2 68. Nd4+ Kb2 69. Nc2 b5 70. Kd2 b4 71. Nxb4 a1=N 1/2-1/2


[Site "https://www.chess.com"]

[Event "Titled Tuesday Blitz September 21 2021"]
[White "Warmerdam, Max"]
[Black "Skatchkov, Valery"]
[WhiteFideId "1048104"]
[BlackFideId "24195812"]
[WhiteElo "2537"]
[BlackElo "2195"]
[Result "1-0"]
[Round "08"]
[TimeControl "180+1"]
[Date "2021.09.21"]
[WhiteClock "0:01:06"]
[BlackClock "0:00:01"]

1. e4 e5 2. Nf3 d5 3. exd5 e4 4. Qe2 Nf6 5. d3 Qxd5 6. Nc3 Bb4 7. Bd2 Bxc3 8. Bxc3 O-O 9. dxe4 Nxe4 10. Rd1 Qe6 11. Nd4 Qg6 12. Nb5 Na6 13. Bd4 Re8 14. Be3 Bg4 15. f3 Nf6 16. Kf2 Bf5 17. Nd4 Nd5 18. Nxf5 Qxf5 19. Rxd5 Qxd5 20. Qc4 Qe5 21. Qc3 Qxc3 22. bxc3 Re5 23. Bc4 Rae8 24. Bd4 Ra5 25. Rb1 b6 26. Rb5 Ra4 27. Bb3 Ra3 28. Rd5 c5 29. Be5 b5 30. c4 bxc4 31. Bxc4 Nb4 32. Rd7 Kh8 33. Bxf7 Rf8 34. Bb3 1-0


[Site "https://www.chess.com"]

[Event "Titled Tuesday Blitz September 21 2021"]
[White "Weetik, Vjacheslav"]
[Black "Babiy, Olga"]
[WhiteFideId "4153472"]
[BlackFideId "14117258"]
[WhiteElo "2469"]
[BlackElo "2253"]
[Result "0-1"]
[Round "08"]
[TimeControl "180+1"]
[Date "2021.09.21"]
[WhiteClock "0:00:02"]
[BlackClock "0:00:11"]

1. e4 d6 2. d4 Nf6 3. Nc3 e5 4. Nge2 Nbd7 5. h3 Be7 6. g4 O-O 7. Bg2 exd4 8. Nxd4 Nc5 9. O-O Re8 10. g5 Nfd7 11. f4 Bf8 12. b4 Ne6 13. Nf5 a5 14. Bb2 axb4 15. Nd5 c6 16. Nde3 Qb6 17. Kh1 Ndc5 18. Nc4 Qc7 19. Ncxd6 Rd8 20. e5 Na4 21. Bc1 Nc3 22. Qh5 Rxa2 23. Rxa2 Nxa2 24. Be3 Nc3 25. Bf3 Nd5 26. Bc1 Ndxf4 27. Qg4 Ng6 28. Bb2 Nc5 29. h4 Nd7 30. Qg3 Nc5 31. h5 Ne7 32. Nh6+ gxh6 33. gxh6+ Ng6 34. hxg6 fxg6 35. Bg2 Be6 36. Qf2 Bxh6 37. Qxc5 Qe7 38. Qxb4 Qg5 39. Qe4 Qh5+ 40. Kg1 Bd5 41. Qd4 Rf8 42. Rxf8+ Kxf8 43. Bxd5 cxd5 44. Qxd5 Qg4+ 45. Kf1 Qf4+ 46. Ke2 Qe3+ 47. Kd1 Qg1+ 48. Ke2 Qe3+ 49. Kf1 Qf4+ 50. Kg1 Qg3+ 51. Kh1 Qh3+ 52. Kg1 Be3# 0-1


[Site "https://www.chess.com"]

[Event "Titled Tuesday Blitz September 21 2021"]
[White "Williams, Simon K"]
[Black "Rodchenkov, Vitaly"]
[WhiteFideId "404454"]
[BlackFideId "4152964"]
[WhiteElo "2468"]
[BlackElo "2337"]
[Result "1-0"]
[Round "08"]
[TimeControl "180+1"]
[Date "2021.09.21"]
[WhiteClock "0:01:00"]
[BlackClock "0:00:27"]

1. e4 c5 2. b4 cxb4 3. a3 d5 4. exd5 Qxd5 5. Nf3 Nf6 6. axb4 e5 7. Nc3 Qe6 8. Nb5 Qd7 9. Nxe5 Qd8 10. Bc4 Be6 11. Bxe6 fxe6 12. O-O Bxb4 13. c3 Bd6 14. Nc4 Be7 15. Qe2 Qd7 16. Ne5 Qc8 17. Nxa7 Qc5 18. d4 Qd5 19. Nb5 Rxa1 20. Nc7+ Kd8 21. Nxd5 exd5 22. Nf7+ Kd7 1-0


[Site "https://www.chess.com"]

[Event "Titled Tuesday Blitz September 21 2021"]
[White "Zhigalko, Sergei"]
[Black "Macovei, Andrei"]
[WhiteFideId "13502956"]
[BlackFideId "13904680"]
[WhiteElo "2662"]
[BlackElo "2389"]
[Result "1-0"]
[Round "08"]
[TimeControl "180+1"]
[Date "2021.09.21"]
[WhiteClock "0:01:56"]
[BlackClock "0:00:10"]

1. e4 c5 2. Nf3 d6 3. d4 cxd4 4. Qxd4 Nf6 5. Nc3 g6 6. e5 Nc6 7. Bb5 dxe5 8. Qxd8+ Kxd8 9. Bxc6 bxc6 10. Nxe5 Ke8 11. Bd2 Nd7 12. Nd3 Bg7 13. O-O-O Bb7 14. Rhe1 e6 15. Ne4 Bf8 16. Bc3 Rg8 17. Ne5 Nxe5 18. Nf6+ 1-0


[Site "https://www.chess.com"]

[Event "Titled Tuesday Blitz September 21 2021"]
[White "Azahari, Aliuddin"]
[Black "Maksimenko, Viktor"]
[WhiteFideId "10500324"]
[BlackFideId "13710478"]
[WhiteElo "2151"]
[BlackElo "2269"]
[Result "1-0"]
[Round "09"]
[TimeControl "180+1"]
[Date "2021.09.21"]
[WhiteClock "0:00:52"]
[BlackClock "0:02:27"]

1. e4 c6 2. d4 d5 3. Nc3 dxe4 4. Nxe4 Nf6 5. Nxf6+ exf6 6. c3 Bd6 7. Bd3 Na6 8. Ne2 Nc7 9. O-O Nd5 10. a3 h5 11. c4 Nc7 12. Re1 Kf8 13. Bf4 g5 14. Bxd6+ Qxd6 15. Rc1 Bg4 16. h3 Bxe2 17. Qxe2 Ne6 18. d5 Nd4 19. Qe4 c5 20. b4 b6 21. bxc5 bxc5 22. Rb1 Kg7 23. Rb7 Rhe8 24. Qh7+ Kf8 25. Qxf7# 1-0


[Site "https://www.chess.com"]

[Event "Titled Tuesday Blitz September 21 2021"]
[White "Babazada, Khazar"]
[Black "Nesterov, Arseniy"]
[WhiteFideId "13413554"]
[BlackFideId "24198455"]
[WhiteElo "2315"]
[BlackElo "2494"]
[Result "0-1"]
[Round "09"]
[TimeControl "180+1"]
[Date "2021.09.21"]
[WhiteClock "0:01:01"]
[BlackClock "0:01:25"]

1. c4 e5 2. Nc3 Bb4 3. g3 Bxc3 4. bxc3 Nc6 5. Bg2 Nge7 6. d3 O-O 7. Nf3 d6 8. O-O h6 9. Rb1 Rb8 10. Nd2 b6 11. e4 f5 12. exf5 Bxf5 13. Ne4 Qd7 14. f4 Bh3 15. Bd2 Bxg2 16. Kxg2 exf4 17. Bxf4 Ng6 18. Qd2 Qg4 19. Kh1 Rbe8 20. Rf2 Nce5 21. Rbf1 Nxc4 22. Qc2 Nce5 23. d4 Nc4 24. Qb3 d5 25. Nd2 Nxf4 26. Nxc4 dxc4 0-1


[Site "https://www.chess.com"]

[Event "Titled Tuesday Blitz September 21 2021"]
[White "Babiy, Olga"]
[Black "Perez Gormaz, Matias"]
[WhiteFideId "14117258"]
[BlackFideId "3406342"]
[WhiteElo "2253"]
[BlackElo "2352"]
[Result "1-0"]
[Round "09"]
[TimeControl "180+1"]
[Date "2021.09.21"]
[WhiteClock "0:00:52"]
[BlackClock "0:02:01"]

1. Nf3 d5 2. g3 Nc6 3. d4 Bf5 4. Bg2 Nb4 5. Na3 e6 6. O-O h6 7. c3 Nc6 8. Re1 Nf6 9. Nd2 Bxa3 10. bxa3 O-O 11. e4 dxe4 12. Nxe4 Nxe4 13. Bxe4 Bxe4 14. Rxe4 Qd5 15. Re1 e5 16. dxe5 Qxd1 17. Rxd1 Nxe5 18. Bf4 Rfe8 19. Rd5 Nc4 20. Rc5 Nb6 21. Rxc7 Rec8 22. Rb1 f6 23. a4 Rxc7 24. Bxc7 Nxa4 25. Rxb7 Nxc3 26. a3 a6 27. Ba5 Nd5 28. Rd7 1-0


[Site "https://www.chess.com"]

[Event "Titled Tuesday Blitz September 21 2021"]
[White "Baskin, Robert"]
[Black "Shipov, Sergei"]
[WhiteFideId "24662402"]
[BlackFideId "4113624"]
[WhiteElo "2521"]
[BlackElo "2819"]
[Result "0-1"]
[Round "09"]
[TimeControl "180+1"]
[Date "2021.09.21"]
[WhiteClock "0:00:12"]
[BlackClock "0:01:14"]

1. e4 e6 2. d4 d5 3. Nc3 h6 4. Nf3 Nf6 5. Bd3 Bb4 6. e5 Ne4 7. O-O Nxc3 8. bxc3 Bxc3 9. Rb1 Nc6 10. Rb3 Bxd4 11. Nxd4 Nxd4 12. Qg4 Nxb3 13. cxb3 g6 14. Bxg6 fxg6 15. Qxg6+ Kd7 16. Ba3 Qg8 17. Qf6 Rh7 18. Rc1 b6 19. Bd6 c5 20. Qh4 Bb7 21. b4 Qg5 22. Qxg5 hxg5 23. bxc5 bxc5 24. h3 Rc8 25. Rb1 Ba8 26. Rb3 d4 27. Ra3 Kc6 28. Ra5 Kd5 29. Kf1 Rb7 30. Ke2 Rb2+ 31. Kf3 Kc4+ 32. Kg3 d3 33. Ra4+ Kb5 34. Ra3 d2 35. Rd3 Kc4 0-1


[Site "https://www.chess.com"]

[Event "Titled Tuesday Blitz September 21 2021"]
[White "Belenkaya, Dina"]
[Black "Iskusnyh, Sergei"]
[WhiteFideId "24142654"]
[BlackFideId "4120027"]
[WhiteElo "2247"]
[BlackElo "2492"]
[Result "0-1"]
[Round "09"]
[TimeControl "180+1"]
[Date "2021.09.21"]
[WhiteClock "0:00:45"]
[BlackClock "0:01:23"]

1. Nf3 d5 2. g3 Nf6 3. Bg2 c6 4. O-O Bf5 5. d4 e6 6. c3 Nbd7 7. Nbd2 h6 8. Re1 Be7 9. Ne5 Nxe5 10. dxe5 Nd7 11. f4 O-O 12. e4 dxe4 13. Nxe4 Nc5 14. Nf2 Qxd1 15. Rxd1 Rfd8 16. Be3 Na4 17. g4 Bh7 18. Ne4 Nxb2 19. Rxd8+ Rxd8 20. Bxa7 Nd3 21. Be3 Bxe4 22. Bxe4 Bc5 23. Bxc5 Nxc5 24. Bg2 Rd2 25. a4 Rc2 26. Rb1 Rxc3 27. a5 Rc4 28. f5 Rxg4 29. fxe6 fxe6 30. Rc1 Nd3 31. Rc2 Ne1 32. Re2 Rxg2+ 33. Rxg2 Nxg2 34. Kxg2 Kf7 35. Kf3 g5 36. Ke4 h5 37. Kd4 Ke7 38. Kc5 Kd7 39. Kb6 Kc8 40. Kc5 Kc7 41. Kd4 b6 42. axb6+ Kxb6 43. Ke4 c5 44. Kd3 Kb5 45. Kc3 c4 46. h4 gxh4 47. Kd4 Kb4 48. Ke3 c3 49. Kf4 c2 50. Kg5 c1=Q+ 51. Kf6 Qc4 52. Kg5 Qg4+ 53. Kf6 Qf5+ 54. Ke7 Qxe5 55. Kd7 Qd5+ 56. Ke7 e5 57. Kf6 e4 58. Kg6 e3 59. Kg7 e2 60. Kf6 e1=Q 61. Kg6 Qee6+ 62. Kh7 Qdd7+ 63. Kh8 Qee8# 0-1


[Site "https://www.chess.com"]

[Event "Titled Tuesday Blitz September 21 2021"]
[White "Bendayan Claros, Aaron"]
[Black "Iljushina, Olga"]
[WhiteFideId "3803392"]
[BlackFideId "4152280"]
[WhiteElo "2133"]
[BlackElo "1972"]
[Result "1-0"]
[Round "09"]
[TimeControl "180+1"]
[Date "2021.09.21"]
[WhiteClock "0:00:50"]
[BlackClock "0:01:24"]

1. d4 d5 2. Nf3 c6 3. c4 e6 4. Nc3 dxc4 5. g3 b5 6. Bg2 Nf6 7. O-O Be7 8. e4 O-O 9. h4 b4 10. e5 Nd5 11. Ne4 a5 12. Qc2 Ba6 13. Rd1 Nd7 14. Bg5 h6 15. Bxe7 Qxe7 16. Nd6 c3 17. bxc3 Nxc3 18. Rd2 Nb6 19. Ne1 Nbd5 20. Nd3 Bxd3 21. Qxd3 Rfd8 22. a3 Rab8 23. axb4 axb4 24. Qc4 Rxd6 25. exd6 Qxd6 26. Rb2 Rc8 27. Ra6 e5 28. Bxd5 Nxd5 29. dxe5 Qxe5 30. Re2 Qc3 31. Qg4 b3 32. Qxc8+ Kh7 33. Qf5+ 1-0


[Site "https://www.chess.com"]

[Event "Titled Tuesday Blitz September 21 2021"]
[White "Bogumil, Tatiana"]
[Black "Pires, Marcos Vinicius Torsani"]
[WhiteFideId "4110579"]
[BlackFideId "2118939"]
[WhiteElo "1827"]
[BlackElo "2273"]
[Result "0-1"]
[Round "09"]
[TimeControl "180+1"]
[Date "2021.09.21"]
[WhiteClock "0:00:04"]
[BlackClock "0:02:04"]

1. Nf3 c6 2. c4 d5 3. b3 dxc4 4. bxc4 e5 5. Bb2 e4 6. Nd4 Nf6 7. e3 Bd6 8. Be2 O-O 9. O-O a6 10. Nc3 c5 11. Nb3 Nc6 12. d4 exd3 13. Bxd3 Bxh2+ 14. Kxh2 Ng4+ 15. Kg3 Qd6+ 16. f4 Rd8 17. Nc1 Nxe3 18. Qh5 Nxf1+ 19. Bxf1 Qg6+ 20. Qg4 Qxg4+ 0-1


[Site "https://www.chess.com"]